 Dungeon Crawl Stone Soup version 0.30-a0-859-gf88a04b62d (webtiles) character file.

Game seed: 8507250931915063162

234094 cforsyth the Earth Mage (level 18, -9/114 HPs)
             Began as a Deep Elf Earth Elementalist on Mar 7, 2023.
             Was a High Priest of Vehumet.
             Killed by a resonance strike
             ... invoked by Zenata
              (27 damage)
             ... on level 1 of the Vaults.
             The game lasted 02:22:24 (65105 turns).

cforsyth the Earth Mage (DEEE)                     Turns: 65105, Time: 02:22:25

Health: -9/114     AC: 14    Str:  7    XL:     18   Next: 43%
Magic:  17/37      EV: 21    Int: 31    God:    Vehumet [*****.]
Gold:   2589       SH:  9    Dex: 15    Spells: 2/43 levels left

rFire   + + +      SeeInvis .    L - +2 rapier of the Feather {flame, rPois rF+ Str+2}
rCold   . . .      Faith    .    a - +2 buckler {reflect}
rNeg    . . .      Spirit   .    i - +0 steam dragon scales
rPois   +          Reflect  +    R - +1 helmet
rElec   +          Rampage  .    W - +2 cloak
rCorr   .                        m - +0 pair of gloves
Will    +....                    M - +2 pair of boots
Stlth   ++                       N - amulet of regeneration
HPRegen 1.19/turn                Z - ring "Kor Wev" {rF+ rC+}
MPRegen 0.25/turn                n - ring "Jarafif" {Fire rElec Int+2}

@: no status effects
A: no striking features
}: 2/15 runes: decaying, serpentine
a: Renounce Religion


You were on level 1 of the Vaults.
You worshipped Vehumet.
Vehumet was extremely pleased with you.
You visited 6 branches of the dungeon, and saw 30 of its levels.
You also visited: Sewer and Bailey.

You collected 2589 gold pieces.

Inventory:

Hand Weapons
 L - the +2 rapier of the Feather (weapon) {flame, rPois rF+ Str+2}
   (You took it off a gnoll on level 11 of the Dungeon)

   Str:       It affects your strength (+2).
   rF:        It protects you from fire.
   rPois:     It protects you from poison.
Armour
 a - a +2 buckler of reflection (worn)
 i - +0 steam dragon scales (worn)
 m - a +0 pair of gloves (worn)
 M - a +2 pair of boots (worn)
 R - a +1 helmet (worn)
 V - the +18 shield of the Gong {Loud rN+ Will+ rCorr EV-5}
   (You acquired it on level 5 of the Lair of Beasts)

   Loud:      It is deafeningly noisy when blocking attacks.
   EV:        It affects your evasion (-5).
   rN:        It protects you from negative energy.
   rCorr:     It protects you from acid and corrosion.
   Will:      It increases your willpower.
 W - a +2 cloak (worn)
Jewellery
 n - the ring "Jarafif" (right hand) {Fire rElec Int+2}
   (You found it on level 3 of the Lair of Beasts)

   [ring of fire]

   It enhances your fire magic.
   Int:       It affects your intelligence (+2).
   rF:        It protects you from fire.
   rC:        It makes you vulnerable to cold.
   rElec:     It insulates you from electricity.
 u - a ring of poison resistance
 v - the ring of Qonon {Fly Will+ Str+6}
   (You found it on level 7 of the Dungeon)

   [ring of strength]

   Str:       It affects your strength (+6).
   Fly:       It grants you flight.
   Will:      It increases your willpower.
 E - a ring of protection from cold
 J - the ring "Zuarph" {Drain Str+3 Dex+6}
   (You found it on level 10 of the Dungeon)

   [ring of dexterity]

   Str:       It affects your strength (+3).
   Dex:       It affects your dexterity (+6).
   Drain:     It drains your maximum health when unequipped.
 N - an amulet of regeneration (around neck)
 Y - the ring of Mystaz {Str+3 Int+6}
   (You found it on level 14 of the Dungeon)

   [ring of intelligence]

   Str:       It affects your strength (+3).
   Int:       It affects your intelligence (+6).
 Z - the ring "Kor Wev" (left hand) {rF+ rC+}
   (You took it off a meliai on level 14 of the Dungeon)

   [ring of protection from cold]

   rF:        It protects you from fire.
   rC:        It protects you from cold.
Wands
 j - a wand of light (1)
 y - a wand of mindburst (33)
 H - a wand of polymorph (25)
 P - a wand of flame (61)
 T - a wand of digging (9)
Scrolls
 c - 11 scrolls of amnesia
 g - 3 scrolls of teleportation
 o - 3 scrolls of blinking
 r - a scroll of magic mapping
 t - 9 scrolls of enchant armour
 w - 4 scrolls of fog
 x - 2 scrolls of butterflies
 D - 2 scrolls of torment
 F - 2 scrolls of silence
 G - 6 scrolls of poison
 I - 8 scrolls of immolation
 Q - 9 scrolls of vulnerability
 U - 12 scrolls of identify
 X - 2 scrolls of enchant weapon
Potions
 b - 2 potions of magic
 d - 17 potions of flight
 e - 9 potions of mutation
 f - a potion of cancellation
 k - 15 potions of curing
 l - 2 potions of experience
 p - 4 potions of attraction
 q - a potion of invisibility
 s - 6 potions of brilliance
 z - 4 potions of heal wounds
 A - 3 potions of haste
 B - 4 potions of resistance
 C - 5 potions of might
 K - 6 potions of lignification
 O - 2 potions of ambrosia
 S - 4 potions of berserk rage


   Skills:
 + Level 13.2 Fighting
 - Level 17.5 Dodging
 - Level 2.4 Stealth
 - Level 10.0 Shields
 - Level 13.2 Spellcasting
 - Level 17.0 Conjurations
 - Level 1.1 Transmutations
 - Level 18.2 Earth Magic


You had 2 spell levels left.
You knew the following spells:

 Your Spells              Type           Power      Damage    Failure   Level
a - Sandblast             Erth           100%       2d20      0%          1
b - Stone Arrow           Conj/Erth      100%       3d13      0%          3
c - Petrify               Tmut/Erth      69%        N/A       1%          4
d - Iron Shot             Conj/Erth      46%        9d9       1%          6
e - Sticky Flame          Conj/Fire      83%        2d9       1%          4
f - Lee's Rapid Deconstr  Erth           46%        3d22*     1%          5
g - Spellforged Servitor  Conj/Summ      32%        N/A       17%         7
h - Fireball              Conj/Fire      41%        3d17      1%          5
i - Airstrike             Air            10%        2d(2-18)  8%          4
j - Blink                 Tloc           40%        N/A       4%          2

Your spell library contained the following spells:

 Spells                   Type           Power      Damage    Failure   Level
 Ozocubu's Refrigeration  Ice            10%        4d9       99%         7
 Kiss of Death            Conj/Necr      100%       2d13      1%          1
 Momentum Strike          Conj/Tloc      100%       3d10      1%          2
 Passwall                 Tmut/Erth      57%        N/A       1%          2
 Poisonous Vapours        Pois/Air       40%        N/A       1%          2
 Lesser Beckoning         Tloc           40%        N/A       4%          2
 Hailstorm                Conj/Ice       65%        3d14      1%          3
 Flame Wave               Conj/Fire      83%        2d18      1%          4
 Arcjolt                  Conj/Air       32%        1d42      1%          5
 Irradiate                Conj/Tmut      33%        3d22      1%          5
 Lightning Bolt           Conj/Air       32%        1d50      1%          5
 Orb of Destruction       Conj           45%        9d12      1%          7
 Inner Flame              Hex/Fire       30%        N/A       2%          3
 Conjure Ball Lightning   Conj/Air       32%        3x3d10    3%          6
 Statue Form              Tmut/Erth      46%        N/A       8%          6
 Confusing Touch          Hex            20%        N/A       9%          3
 Portal Projectile        Hex/Tloc       40%        N/A       9%          3
 Summon Guardian Golem    Hex/Summ       20%        N/A       9%          3
 Tukima's Dance           Hex            20%        N/A       9%          3
 Vhi's Electric Charge    Tloc/Air       40%        N/A       9%          3
 Ice Form                 Ice/Tmut       23%        N/A       22%         4
 Dispel Undead            Necr           20%        3d11      28%         4
 Summon Lightning Spire   Summ/Air       20%        N/A       28%         4
 Blade Hands              Tmut           13%        N/A       43%         5
 Metabolic Englaciation   Hex/Ice        10%        N/A       61%         5
 Summon Forest            Summ/Tloc      10%        N/A       61%         5
 Summon Mana Viper        Hex/Summ       20%        N/A       61%         5
 Simulacrum               Ice/Necr       10%        N/A       99%         6
 Summon Cactus Giant      Summ           10%        N/A       99%         6
 Dragon Form              Tmut           13%        N/A       100%        7
 Storm Form               Tmut/Air       11%        N/A       100%        7
 Maxwell's Capacitive Co  Air            10%        ∞         100%        8


Dungeon Overview and Level Annotations

Branches:
Dungeon (15/15)            Temple (1/1) D:4            Lair (5/5) D:8
  Swamp (4/4) Lair:2        Snake (4/4) Lair:3        Slime (0/5) Lair:5
    Orc (0/2) D:12         Vaults (1/5) D:13         Depths (0/4) D:15
  Sewer (visited)          Bailey (visited)

Altars:
Cheibriados
Dithmenos
Elyvilon
Fedhas
Hepliaklqana
Nemelex Xobeh
Okawaru
Qazlal
Ru
Trog
Vehumet
Xom
The Shining One
Jiyva

Shops:
D:1 (   D:12 [   Snake:4 !(

Annotations:
D:10 2 transporters
D:14 3 runed translucent doors, Cicylist's ghost, journeyman FoFi
Swamp:3 2 transporters, Palms's ghost, journeyman DrVM
Vaults:1 Zenata


Message History

You block the +2 flail of protection's attack.
Casting: Lee's Rapid Deconstruction (safe; 1% risk of failure)
Confirm with . or Enter, or press ? or * to list all spells.
Aiming: Lee's Rapid Deconstruction (safe; 1% risk of failure)
Press: ? - help, Dir - move target A stone wall.
The wall shatters!
The blast of rock fragments hits the +1 dire flail of protection!!
The +1 dire flail of protection is severely damaged.
The blast of rock fragments hits Zenata but does no damage.
Zenata is severely wounded.
The blast of rock fragments hits the +1 hand axe of electrocution!!
You destroy the +1 hand axe of electrocution!
The +1 hand axe of electrocution disappears in a puff of smoke!
You block the +2 flail of protection's attack.
The +2 mace of holy wrath hits you. The +2 flail of protection hits you!!
* * * LOW HITPOINT WARNING * * *
Zenata casts a spell at you.
A blast of power from the earth and the adjacent constructs strikes you!
* * * LOW HITPOINT WARNING * * *
You block the +2 flail of protection's attack.
You block the +2 mace of holy wrath's attack.
Unknown command.
Casting: Lee's Rapid Deconstruction (safe; 1% risk of failure)
Confirm with . or Enter, or press ? or * to list all spells.
Aiming: Lee's Rapid Deconstruction (safe; 1% risk of failure)
Press: ? - help, Dir - move target A stone wall.
The wall shatters!
The blast of rock fragments hits the +4 mace of protection!
The +4 mace of protection is heavily damaged.
The blast of rock fragments hits Zenata!
Zenata is severely wounded.
The blast of rock fragments hits the +2 mace of holy wrath!!!
You destroy the +2 mace of holy wrath!
The +2 mace of holy wrath disappears in a puff of smoke!
The +2 flail of protection completely misses you.
Zenata points at you and mumbles some strange words.
A blast of power from the earth and the adjacent constructs strikes you!
You die...

.......# .......... #†........#
.......#.............#.........#
.......#.............#.........#
.......#.............#.........#
.......#.............#.........#
.......# ......#.........#
.......# .. ...a..#.........#
.......# ###'#########.........#
..............a(@..............#
.............(((...............#
........#########..............#
........#.......#'#######......#
........#.......#.......#......#
........#.......#.#####.#......
........#.......#.#§§≈#.# ....
........#.......#.#≈≈≈#.#
........#.......).#####.#


You could see Zenata and 4 dancing weapons.

Vanquished Creatures
  Bai Suzhen (Swamp:3)
  Vashnia (Snake:2)
  Nikola (Swamp:1)
  Kirke (Snake:3)
  Gastronok (Lair:2)
  2 thorn hunters
  Roxanne (D:14)
  A frost giant (Vaults:1)
  7 nagarajas (Snake:4)
  Aizul (Snake:4)
  An orc warlord (Vaults:1)
  An ironbound thunderhulk (Vaults:1)
  An ironbound preserver (Vaults:1)
  A stone giant (D:15)
  3 eleionomae
  2 bunyips
  6 dire elephants
  A fire dragon (D:14)
  Josephine (D:14)
  An entropy weaver (Vaults:1)
  2 salamander tyrants (Snake:4)
  The ghost of Pugak the Thaumaturge, a journeyman DECj of Vehumet (Lair:3)
  Erolcha (D:9)
  4 vault guards (D:13)
  2 catoblepae
  An ogre mage (D:14)
  13 anacondas
  A ghost crab (Swamp:1)
  20 centaur warriors
  2 ironbound frosthearts (Vaults:1)
  25 hydras
  5 death yaks
  11 naga warriors
  A two-headed ogre (D:13)
  10 boulder beetles
  13 alligators
  3 tengu warriors
  5 shock serpents
  2 spriggan berserkers
  Sonja (Lair:4)
  15 naga sharpshooters
  A skyshark (Lair:1)
  A fire crab (Lair:5)
  A spectral death yak (Lair:5)
  A spectral anaconda (Lair:5)
  A goliath frog (Swamp:4)
  4 lindwurms (Vaults:1)
  4 deep trolls (Vaults:1)
  2 spriggan druids (Swamp:3)
  An obsidian statue (Lair:5)
  14 swamp dragons
  8 bog bodies
  4 naga ritualists
  3 wizards
  An ironbound convoker (Vaults:1)
  16 ugly things
  3 necromancers (Lair:5)
  4 orc knights (Vaults:1)
  3 will-o-the-wisps
  8 mana vipers
  6 deep elf pyromancers
  7 cyclopes
  A wolf spider (D:14)
  8 manticores
  5 salamanders
  Joseph (D:7)
  4 guardian serpents (Snake:4)
  4 vault sentinels (Vaults:1)
  12 elephants (Lair:5)
  2 dire elephant zombies (Lair:5)
  29 black mambas
  2 gargoyles
  14 cane toads
  11 naga magi
  2 torpor snails
  Maggie (D:6)
  A komodo dragon (shapeshifter) (D:14)
  A rime drake (shapeshifter) (D:14)
  4 rime drakes
  5 komodo dragons
  A dire elephant skeleton (Lair:5)
  7 yaktaurs
  A tengu conjurer (D:14)
  6 polar bears
  3 trolls
  A bloated husk (Swamp:3)
  3 meliai (D:14)
  A wolf spider simulacrum (D:14)
  A wind drake (shapeshifter) (D:14)
  A hornet (shapeshifter) (D:14)
  5 hornets
  A spectral elephant (Lair:5)
  9 tyrant leeches
  4 blink frogs (Lair:1)
  16 slime creatures
  2 dire elephant simulacra (Lair:5)
  A vampire (D:12)
  8 spriggans
  6 wraiths
  6 wyverns
  50 yaks
  A death yak simulacrum (Lair:5)
  3 hogs (Snake:3)
  A catoblepas simulacrum (Lair:3)
  3 basilisks
  2 steam dragons (D:8)
  3 redbacks (Vaults:1)
  17 vampire mosquitoes
  28 nagas
  A harpy simulacrum (D:14)
  3 acid dragons
  3 spectral cane toads (Lair:5)
  12 swamp worms
  A hydra simulacrum (Lair:3)
  The ghost of elongatedgoose the Sneak, an amateur SpBr (D:4)
  12 water moccasins
  An elephant zombie (Lair:5)
  6 swamp drakes
  3 ice beasts
  3 black bears
  7 orc warriors
  26 wolves
  7 centaurs
  2 ogres
  5 kobold brigands
  9 bullfrogs
  A cane toad simulacrum (Lair:5)
  4 gnoll sergeants
  2 scorpions (D:5)
  12 wights
  An elephant simulacrum (Lair:5)
  21 killer bees
  9 howler monkeys
  A torpor snail simulacrum (Lair:3)
  3 jellies
  A komodo dragon simulacrum (Lair:3)
  A gnoll bouda (D:8)
  11 orc priests
  2 hounds
  Jessica (D:3)
  Terence (D:2)
  3 iguanas
  A sleepcap (D:6)
  13 orc wizards
  36 gnolls
  5 adders
  4 river rats (Sewer)
  A shadow imp (D:6)
  2 white imps
  3 ufetubi
  4 worms
  2 dart slugs (D:4)
  52 orcs
  7 endoplasms
  4 giant cockroaches
  7 hobgoblins
  5 jackals
  33 kobolds
  3 quokkas
  9 ball pythons
  6 bats
  8 frilled lizards
  10 goblins
  5 rats
960 creatures vanquished.

Vanquished Creatures (others)
  A human (Snake:3)
  An orc (D:8)
  6 foxfires
  67 fungi
  43 plants
  31 withered plants (Lair:5)
149 creatures vanquished.

Grand Total: 1109 creatures vanquished

Notes
Turn   | Place    | Note
-------+----------+-------------------------------------------
     0 | D:1      | cforsyth the Deep Elf Earth Elementalist began the quest
                  | for the Orb.
     0 | D:1      | Reached XP level 1. HP: 10/10 MP: 6/6
   115 | D:1      | Reached XP level 2. HP: 10/15 MP: 0/8
   448 | D:1      | Found Ziwuz's Weapon Boutique.
  1022 | D:2      | Reached skill level 4 in Earth Magic
  1214 | D:2      | Found a faded altar of an unknown god.
  1218 | D:2      | Reached XP level 3. HP: 19/19 MP: 8/10
  1303 | D:2      | Noticed Terence
  1327 | D:2      | Killed Terence
  1839 | D:3      | Reached XP level 4. HP: 24/24 MP: 7/12
  2143 | D:3      | Reached skill level 5 in Spellcasting
  2731 | D:3      | Found an iron altar of Okawaru.
  3053 | D:3      | Reached skill level 5 in Earth Magic
  3209 | D:3      | Noticed Jessica
  3210 | D:3      | Killed Jessica
  3211 | D:3      | Reached XP level 5. HP: 28/28 MP: 13/15
  3851 | D:4      | Found a staircase to the Ecumenical Temple.
  3960 | Temple   | Entered the Ecumenical Temple
  3972 | Temple   | Became a worshipper of Vehumet
  4027 | D:4      | Found a runed translucent gate.
  4028 | D:4      | Found a runed translucent gate.
  4030 | D:4      | Found a runed translucent gate.
  4032 | D:4      | Noticed elongatedgoose's ghost (amateur SpBr)
  4273 | D:4      | Reached XP level 6. HP: 32/32 MP: 15/17
  4454 | D:4      | Found a glowing golden altar of the Shining One.
  4705 | D:5      | Entered Level 5 of the Dungeon
  4749 | D:5      | Reached skill level 6 in Earth Magic
  4839 | D:5      | Found a glowing drain.
  4854 | Sewer    | Entered a sewer
  5078 | Sewer    | Reached * piety under Vehumet
  5078 | Sewer    | Offered knowledge of Freeze by Vehumet.
  5308 | D:5      | Reached XP level 7. HP: 36/36 MP: 16/20
  5387 | D:5      | Reached skill level 7 in Earth Magic
  6969 | D:6      | Noticed Maggie
  7161 | D:6      | Learned a level 3 spell: Stone Arrow
  7204 | D:6      | Killed Maggie
  7205 | D:6      | Reached skill level 8 in Earth Magic
  7205 | D:6      | Reached XP level 8. HP: 3/41 MP: 3/23
  7763 | D:7      | Reached ** piety under Vehumet
  7764 | D:7      | Reached skill level 10 in Spellcasting
  7771 | D:7      | Reached skill level 9 in Earth Magic
  7824 | D:7      | Identified the ring of Qonon {Fly Will+ Str+6}
  7855 | D:7      | Offered knowledge of Static Discharge by Vehumet.
  7916 | D:7      | Reached XP level 9. HP: 22/45 MP: 8/26
  8096 | D:7      | Noticed Joseph
  8104 | D:7      | Killed Joseph
  8105 | D:7      | Reached skill level 10 in Earth Magic
  8607 | D:7      | Got the Grimoire of the Bane and Translocation
  8724 | D:8      | Offered knowledge of Mephitic Cloud by Vehumet.
  8809 | D:8      | Noticed a centaur warrior
  8817 | D:8      | Got the Compendium of the Volley
  8841 | D:8      | Found a flagged portal.
  8854 | Bailey   | Entered a bailey
  8868 | Bailey   | Reached *** piety under Vehumet
  8914 | Bailey   | Reached skill level 11 in Earth Magic
  9083 | Bailey   | HP: 2/45 [orc warrior/+1 halberd of electrocution (11)]
  9270 | Bailey   | Offered knowledge of Flame Wave by Vehumet.
  9417 | D:8      | Found a shimmering altar of Xom.
  9883 | D:8      | Reached skill level 1 in Fighting
  9883 | D:8      | Reached XP level 10. HP: 52/52 MP: 26/29
 10085 | D:8      | Found a staircase to the Lair.
 10607 | D:9      | Reached **** piety under Vehumet
 10931 | D:9      | Offered knowledge of Kindle Blastsparks by Vehumet.
 10932 | D:9      | Reached skill level 5 in Dodging
 11068 | D:9      | Learned a level 4 spell: Petrify
 11154 | D:9      | Noticed Erolcha
 11159 | D:9      | Killed Erolcha
 11882 | D:10     | Entered Level 10 of the Dungeon
 11934 | D:10     | Noticed a seven-headed hydra
 11940 | D:10     | Killed a seven-headed hydra
 11941 | D:10     | Reached skill level 5 in Fighting
 12211 | D:10     | Identified the ring "Zuarph" {Drain Str+3 Dex+6}
 12235 | D:10     | Reached XP level 11. HP: 64/64 MP: 28/30
 12272 | D:10     | Found a sparkling altar of Nemelex Xobeh.
 12660 | D:10     | Found a viscous altar of Jiyva.
 12794 | D:10     | Found a transporter.
 12796 | D:10     | Found a transporter.
 13012 | D:4      | Killed elongatedgoose's ghost
 13535 | D:11     | Identified the +2 rapier of the Feather {flame, rPois rF+
                  | Str+2}
 13555 | D:11     | Reached ***** piety under Vehumet
 13555 | D:11     | Offered knowledge of Iron Shot by Vehumet.
 13824 | D:11     | Noticed a red ugly thing
 13832 | D:11     | Killed a red ugly thing
 14265 | D:11     | Reached skill level 10 in Dodging
 15019 | D:12     | Learned a level 6 spell: Iron Shot
 15229 | D:12     | Noticed a brown ugly thing
 15236 | D:12     | Killed a brown ugly thing
 15755 | D:12     | Reached XP level 12. HP: 52/73 MP: 26/31
 16139 | D:12     | Found a staircase to the Orcish Mines.
 16249 | D:12     | Found Suivoukh's Armour Shop.
 16517 | Lair:1   | Entered Level 1 of the Lair of Beasts
 17617 | Lair:1   | Noticed a boulder beetle
 17652 | Lair:1   | Killed a boulder beetle
 17653 | Lair:1   | Reached skill level 1 in Conjurations
 18231 | Lair:2   | Identified the +8 short sword of the Vestibule of Hell
                  | {heavy, Dex+4}
 18266 | Lair:2   | You are sucked into a shaft and drop 1 floor!
 18568 | Lair:2   | Noticed Gastronok
 18758 | Lair:2   | Killed Gastronok
 19581 | Lair:2   | Found a staircase to the Swamp.
 20137 | Lair:3   | Found a runed translucent gate.
 20173 | Lair:3   | Found a runed translucent gate.
 20174 | Lair:3   | Found a runed translucent gate.
 20204 | Lair:3   | Reached skill level 10 in Fighting
 20212 | Lair:3   | Offered knowledge of Fulminant Prism by Vehumet.
 20213 | Lair:3   | Reached XP level 13. HP: 82/82 MP: 14/32
 20347 | Lair:3   | Noticed Pugak's ghost (journeyman DECj)
 20653 | Lair:3   | Found a runed translucent door.
 20675 | Lair:3   | Reached skill level 5 in Conjurations
 21122 | Lair:3   | Found a staircase to the Snake Pit.
 21835 | Lair:4   | Noticed Sonja
 21873 | Lair:4   | Killed Sonja
 22040 | Lair:4   | Learned a level 4 spell: Sticky Flame
 22813 | Lair:5   | Entered Level 5 of the Lair of Beasts
 23317 | Lair:5   | Reached skill level 15 in Dodging
 23686 | Lair:5   | Found a runed translucent door.
 24300 | Lair:5   | Noticed a dire elephant
 24300 | Lair:5   | Noticed a dire elephant
 24302 | Lair:5   | Noticed a dire elephant
 24937 | Lair:5   | Offered knowledge of Lee's Rapid Deconstruction by Vehumet.
 25068 | Lair:5   | Learned a level 5 spell: Lee's Rapid Deconstruction
 25749 | Lair:4   | Reached XP level 14. HP: 90/90 MP: 19/33
 26954 | Lair:5   | Identified a scroll of acquirement
 27438 | Lair:5   | Acquired the +18 shield of the Gong {Loud rN+ Will+ rCorr
                  | EV-5}
 27438 | Lair:5   | Found the +18 shield of the Gong {Loud rN+ Will+ rCorr
                  | EV-5}
 28570 | Lair:5   | Found a staircase to the Slime Pits.
 29212 | Lair:3   | Killed Pugak's ghost
 29528 | Lair:3   | Got the ring "Jarafif" {Fire rElec Int+2}
 30177 | D:13     | Found a gate to the Vaults.
 30608 | D:12     | Reached skill level 10 in Conjurations
 32575 | D:14     | Reached skill level 1 in Shields
 32795 | D:14     | Identified the ring of Mystaz {Str+3 Int+6}
 32835 | D:14     | Identified the ring "Kor Wev" {rF+ rC+}
 33166 | D:14     | Noticed Josephine
 33170 | D:14     | Killed Josephine
 33178 | D:14     | Reached XP level 15. HP: 97/97 MP: 15/34
 33945 | D:14     | Offered knowledge of Spellforged Servitor by Vehumet.
 33946 | D:14     | Reached skill level 5 in Shields
 33954 | D:14     | Learned a level 7 spell: Spellforged Servitor
 35139 | D:15     | Entered Level 15 of the Dungeon
 35310 | D:15     | Found a staircase to the Depths.
 37853 | D:14     | Found a runed translucent gate.
 37853 | D:14     | Found a runed translucent gate.
 37929 | D:14     | Found a runed translucent gate.
 37932 | D:14     | Noticed Cicylist's ghost (journeyman FoFi)
 38539 | D:14     | Noticed Roxanne
 38683 | D:14     | Killed Roxanne
 40153 | Snake:1  | Entered Level 1 of the Snake Pit
 40794 | Snake:1  | Reached skill level 10 in Shields
 41337 | Snake:1  | Reached skill level 12 in Earth Magic
 42146 | Snake:2  | Reached XP level 16. HP: 96/103 MP: 25/35
 42337 | Snake:2  | Offered knowledge of Fireball by Vehumet.
 42516 | Snake:2  | Reached skill level 13 in Earth Magic
 42733 | Snake:2  | Noticed Vashnia
 42746 | Snake:2  | Killed Vashnia
 43838 | Snake:3  | Reached skill level 14 in Earth Magic
 44319 | Snake:3  | Noticed Kirke
 44364 | Snake:3  | Killed Kirke
 45922 | Snake:3  | Reached skill level 15 in Earth Magic
 46224 | Snake:3  | Found a stormy altar of Qazlal.
 46712 | Snake:3  | Learned a level 5 spell: Fireball
 46763 | Snake:4  | Entered Level 4 of the Snake Pit
 46801 | Snake:4  | Found Qawah's Distillery.
 47155 | Snake:4  | Found Faliow's Antique Weapon Emporium.
 47739 | Snake:4  | Noticed Aizul
 47781 | Snake:4  | Killed Aizul
 48072 | Snake:4  | Reached skill level 16 in Earth Magic
 48385 | Snake:4  | Offered knowledge of Freezing Cloud by Vehumet.
 49645 | Snake:4  | Reached skill level 17 in Earth Magic
 50597 | Snake:4  | Reached XP level 17. HP: 108/108 MP: 21/36
 51105 | Snake:4  | Reached skill level 18 in Earth Magic
 51519 | Snake:4  | Got a serpentine rune of Zot
 51738 | Swamp:1  | Entered Level 1 of the Swamp
 52211 | Swamp:1  | Learned a level 4 spell: Airstrike
 53103 | Swamp:1  | Noticed Nikola
 53126 | Swamp:1  | Killed Nikola
 55181 | Swamp:2  | Identified the +5 scale mail "Enuwnuet" {Drain +Inv rElec
                  | Dex+3}
 56943 | Swamp:3  | Found a transporter.
 56953 | Swamp:3  | Offered knowledge of Ozocubu's Refrigeration by Vehumet.
 56954 | Swamp:3  | Noticed Palms's ghost (journeyman DrVM)
 56977 | Swamp:3  | Noticed Bai Suzhen
 57075 | Swamp:3  | Killed Bai Suzhen
 57350 | Swamp:3  | Found a transporter.
 58256 | Swamp:3  | Identified the +2 broad axe of the Past {heavy, rElec}
 58360 | Swamp:4  | Entered Level 4 of the Swamp
 59958 | Swamp:4  | Reached skill level 15 in Conjurations
 60436 | Swamp:4  | Reached XP level 18. HP: 112/112 MP: 10/37
 61125 | Swamp:4  | Got a decaying rune of Zot
 61254 | Swamp:4  | Learned a level 2 spell: Blink
 62082 | Vaults:1 | Entered Level 1 of the Vaults
 62416 | Vaults:1 | Noticed Zenata
 65105 | Vaults:1 | Killed from afar by Zenata

Illustrated notes

Levels and vault maps discovered:
D:1:      moated_graveyard_arrival, layout_basic, serial_shops,
          nicolae_shop_bloodbath_and_beyond, serial_glass, glass_columns_c,
          glass_columns_a, glass_columns_b, glass_columns_a, glass_columns_a,
          glass_columns_a
D:2:      layout_basic, shapermc_ecumenical_altar_pompeii, uniq_terence
D:3:      layout_basic, mainiacjoe_overflow_catwalk, uniq_jessica
D:4:      layout_loops_ring, nicolae_tso_swordbearing_angel, temple_statues,
          gammafunk_ghost_nasty_kobolds, st_stairs_4
D:5:      layout_cave_pods, cheibrodos_sewer_entry_bend
D:6:      layout_loops_corners, serial_aquarium, aquarium_bridge_island_small
          [aquarium_subvault_small_open, aquarium_subvault_wall,
          aquarium_subvault_window, aquarium_subvault_bridge,
          aquarium_subvault_window], aquarium_bridge_long_separate
          [aquarium_subvault_balcony, aquarium_subvault_bridge,
          aquarium_subvault_balcony, aquarium_subvault_bridge,
          aquarium_subvault_balcony, aquarium_subvault_bridge],
          aquarium_window_1, aquarium_window_3, aquarium_window_fake,
          aquarium_view_2c, chequers_serial_rivers_micro_d, uniq_maggie
D:7:      layout_loops_ring, uniq_joseph
D:8:      layout_basic, tgw_xom, grunt_lair_entry_orc_guard_hut, enter_bailey_3,
          wad_dig_loot
D:9:      layout_rooms, uniq_erolcha
D:10:     gammafunk_jiyva_shrine, layout_basic, mainiacjoe_overflow_paths
D:11:     kennysheep_big_flooded_room, layout_rooms
D:12:     layout_layer_cave, david_orc_4, serial_shops,
          nicolae_shop_behind_doors, st_stairs_14
D:13:     layout_basic, lightli_vaults_fourway_checkpoint
D:14:     minmay_spiral_squares, layout_loops_cross, gammafunk_ghost_spectres,
          uniq_roxanne, uniq_josephine
D:15:     grunt_enter_depths_giant_problem, layout_gridville,
          minmay_misc_feat_tiny
Temple:   compressed_dpeg_circular_temple
Lair:1:   layout_chaotic_city, grunt_megastairs_5
Lair:2:   layout_small_grid, minmay_swamp_entry_worms, uniq_gastronok
Lair:3:   layout_roguey, nicolae_snake_entry_squirm, gammafunk_ghost_icy,
          pf_torpor_hydra, serial_bayou_shore_a
Lair:4:   layout_regular_city, st_stairs_7, uniq_sonja
Lair:5:   due_jungle_book, layout_cave_pods, slime_entry_2
Swamp:1:  layout_basic_swamp, wheals_swamp_sinkhole, uniq_nikola
Swamp:2:  layout_basic_swamp, evilmike_swamp_ruin_house_2
Swamp:3:  layout_basic_swamp, gammafunk_ghost_arena,
          nicolae_swamp_orc_logging_accident, uniq_bai_suzhen
Swamp:4:  swamp_basic_johnstein, layout_basic_swamp, nicolae_swamp_little_swirl,
          infiniplex_staircase_pool
Snake:1:  layout_chambers, serial_bayou_shore_b, grunt_megastairs_1,
          nicolae_triple_integral
Snake:2:  layout_chambers, uniq_vashnia
Snake:3:  layout_layer_cave, basic_altar, uniq_kirke
Snake:4:  grunt_snake_rune_serpentine_throne, layout_gridlike, serial_shops,
          nicolae_shop_temple_entry_statues_fountains, minmay_shop_star,
          uniq_aizul
Vaults:1: vaults_dpeg_doors, dpeg_vaults_monster_row, hangedman_vaults_corner,
          nicolae_vaults_ring_of_whatevers, hangedman_vaults_stretched_pinwheel,
          ontoclasm_vaults_pinch, vaults_dpeg_encased_lava,
          nicolae_vaults_mini_display_case, layout_vaults_chaotic_city,
          uniq_zenata

Skill      XL: |  1  2  3  4  5  6  7  8  9 10 11 12 13 14 15 16 17 18 |
---------------+-------------------------------------------------------+-----
Spellcasting   | 4 5 6 7 9 11 13 | 13.2
Earth Magic    | 4 5 6 8 9 11 12 17 18 | 18.2
Dodging        | 3 8 11 14 15 17 | 17.5
Fighting       | 1 5 8 10 11 12 13 | 13.2
Conjurations   | 4 8 10 15 17 | 17.0
Shields        | 3 10 | 10.0
Stealth        | |  2.4
Transmutations | |  1.1

Action                     |  1- 3 |  4- 6 |  7- 9 | 10-12 | 13-15 | 16-18 || total
---------------------------+-------+-------+-------+-------+-------+-------++-------
  Melee: Unarmed           |     3 |       |       |       |       |       ||     3
         Rapier            |       |       |       |       |     8 |     6 ||    14
   Cast: Sandblast         |    53 |   108 |   135 |   250 |   244 |   197 ||   987
         Stone Arrow       |       |       |    46 |   226 |   274 |   245 ||   791
         Iron Shot         |       |       |       |    15 |   285 |   355 ||   655
         Lee's Rapid Decon |       |       |       |       |     4 |     4 ||     8
         Petrify           |       |       |       |       |       |     2 ||     2
         Sticky Flame      |       |       |       |       |       |     1 ||     1
         Fireball          |       |       |       |       |       |     4 ||     4
         Airstrike         |       |       |       |       |       |     3 ||     3
  Evoke: Wand              |       |       |       |       |     2 |     2 ||     4
    Use: Potion            |     1 |     1 |     1 |       |     5 |     2 ||    10
         Scroll            |       |     6 |     8 |    17 |     8 |     9 ||    48
 Armour: Robe              |     2 |    11 |     2 |       |       |       ||    15
         Steam dragon scal |       |       |    15 |    50 |    93 |    98 ||   256
  Dodge: Dodged            |    24 |    25 |    48 |   192 |   328 |   312 ||   929
  Block: Other             |       |       |       |     9 |    57 |       ||    66
         Buckler           |       |       |       |       |   125 |   185 ||   310
         Reflection        |       |       |       |       |    19 |    49 ||    68
         Kite shield       |       |       |       |       |       |    37 ||    37

Table legend: (Time is in decaauts)
 A = Elapsed time spent in this place.
 B = Non-inter-level travel time spent in this place.
 C = Inter-level travel time spent in this place.
 D = Time resting spent in this place.
 E = Time spent auto-exploring this place.
 F = Levels seen in this place.
 G = Mean time per level.
                   A        B        C        D        E       F      G
               +--------+--------+--------+--------+--------+-----+--------+
         Total |  66020 |  63065 |   2955 |  25313 |  28516 |  32 | 2063.1 |
       Dungeon |  26661 |  24757 |   1904 |   7533 |  13644 |  15 | 1777.4 |
        Temple |     23 |     12 |     11 |      0 |      5 |   1 |   23.0 |
          Lair |  13542 |  13026 |    516 |   5116 |   5780 |   5 | 2708.4 |
         Swamp |  10314 |  10076 |    238 |   6532 |   2576 |   4 | 2578.5 |
     Snake Pit |  11618 |  11335 |    283 |   4941 |   4823 |   4 | 2904.5 |
        Vaults |   2835 |   2835 |      0 |   1031 |   1237 |   1 | 2835.0 |
         Sewer |    490 |    490 |      0 |      0 |    368 |   1 |  490.0 |
        Bailey |    534 |    534 |      0 |    160 |     82 |   1 |  534.0 |
               +--------+--------+--------+--------+--------+-----+--------+

Top non-repeatable levels by time:
    D:14: 5904 daAuts
  Lair:5: 4884 daAuts
 Snake:4: 4191 daAuts
 Swamp:3: 3321 daAuts
Vaults:1: 2835 daAuts
    D:12: 2823 daAuts
 Snake:3: 2813 daAuts
  Lair:3: 2668 daAuts
 Swamp:1: 2661 daAuts
 Snake:2: 2584 daAuts
  Lair:4: 2401 daAuts
 Swamp:2: 2180 daAuts
 Swamp:4: 2150 daAuts
 Snake:1: 2028 daAuts
  Lair:2: 1883 daAuts
